 Dungeon Crawl Stone Soup version 0.23-a0-730-g0b75920 (webtiles) character file.

89 tilp the Chiller (level 4, 0/30 HPs)
             Began as a Merfolk Ice Elementalist on Jan 17, 2019.
             Slain by a jelly (2 damage)
             ... on level 2 of the Dungeon.
             The game lasted 00:06:02 (1894 turns).

tilp the Chiller (Merfolk Ice Elementalist)         Turns: 1894, Time: 00:06:02

Health: 0/30       AC:  0    Str:  8    XL:     4   Next: 55%
Magic:  4/7        EV: 12    Int: 15    God:
Gold:   107        SH:  0    Dex: 14    Spells: 1/7 levels left

rFire    . . .     SeeInvis .   a - +0 spear
rCold    . . .     Gourm    .   (no shield)
rNeg     . . .     Faith    .   l - +0 leather armour
rPois    .         Spirit   .   (no helmet)
rElec    .         Reflect  .   d - +0 cloak
rCorr    .         Harm     .   (no gloves)
MR       .....                  (no boots)
Stlth    ++........             (no amulet)
HPRegen  0.10/turn              (no ring)
MPRegen  0.10/turn              (no ring)

@: corroded
A: change form in water, swift swim, stealthy swim
a: no special abilities


You were on level 2 of the Dungeon.
You were not hungry.

You visited 1 branch of the dungeon, and saw 2 of its levels.

You collected 107 gold pieces.

Inventory:

Hand Weapons
 a - a +0 spear (weapon)
 e - a +0 whip
Missiles
 f - 73 stones (quivered)
 p - 8 sling bullets
Armour
 d - a +0 cloak (worn)
 l - a +0 leather armour (worn)
Scrolls
 b - a scroll of teleportation {unknown}
 g - 3 scrolls of remove curse {unknown}
 i - a scroll of blinking {unknown}
 k - a scroll of amnesia {unknown}
 m - a scroll of fog {unknown}
 q - 4 scrolls of identify {unknown}
 r - a scroll of enchant armour {unknown}
Potions
 h - a potion of ambrosia {unknown}
 j - a potion of curing {unknown}
 n - a potion of might {unknown}
 s - a potion of brilliance {unknown}
 t - a potion of resistance {unknown}
Comestibles
 c - 4 rations


   Skills:
 - Level 2.6 Dodging
 - Level 2.1 Stealth
 - Level 2.0 Spellcasting
 - Level 0.7 Conjurations
 * Level 5.7 Ice Magic


You had one spell level left.
You knew the following spells:

 Your Spells              Type           Power        Failure   Level  Hunger
a - Freeze                Ice            ###.         3%          1    #......
b - Throw Frost           Conj/Ice       ##....       13%         2    ###....
c - Ozocubu's Armour      Chrm/Ice       ##......     30%         3    ###....

Your spell library contained the following spells:

 Spells                   Type           Power        Failure   Level  Hunger
 Throw Icicle             Conj/Ice       ##......     65%         4    #####..
 Summon Ice Beast         Ice/Summ       ##......     69%         4    #####..


Dungeon Overview and Level Annotations

Branches:
Dungeon (2/15)

Altars:

Annotations:
D:2 Sigmund


Message History

The jelly is moderately wounded.
The jelly hits you.
You are splashed with acid!
The acid burns!
* * * LOW HITPOINT WARNING * * *
Casting: Freeze (safe; 3% risk of failure)
Confirm with . or Enter, or press ? or * to list all spells.
Aiming: Freeze (safe; 3% risk of failure)
Press: ? - help, Shift-Dir - straight line, f/p - jelly
Aim: a jelly (moderately wounded)
You freeze the jelly.
The jelly is severely wounded.
The jelly barely misses you.
Casting: Freeze (safe; 3% risk of failure)
Confirm with . or Enter, or press ? or * to list all spells.
Aiming: Freeze (safe; 3% risk of failure)
Press: ? - help, Shift-Dir - straight line, f/p - jelly
Aim: a jelly (severely wounded)
You freeze the jelly.
The jelly is almost dead.
The jelly hits you.
You die...

..# ........# ..#......#.# ..#
######..###.#....#...#
..########.........#.####.#####
..........÷#########.####.....#
....######## #.......##.#
....##.# ##########....#
....+..##%....J##.#########.###
....##.##.P.÷PP#.#.#....###).#
....##.##..JJJ.#@#.#.....##).#
.......##PJPJ.P#J#'#......'..#
#.....###J÷.÷..#J#........'..#
#.....# #÷.P..P#.#........'.##
###'### #......#.#......)##.#
#.# #P.P.P.'##......##### #.#
#.J....########## #.# #######
###########
#.################.........#


You could see a jelly and an ooze.

Vanquished Creatures
  A jelly (D:2)
  2 adders (D:2)
  3 oozes (D:2)
  A dart slug (D:1)
  A leopard gecko (D:2)
  A hobgoblin (D:1)
  5 jackals
  6 kobolds
  6 bats
  3 frilled lizards (D:1)
  A rat (D:1)
30 creatures vanquished.

Vanquished Creatures (others)
  5 toadstools (D:2)
5 creatures vanquished.

Grand Total: 35 creatures vanquished

Notes
Turn   | Place    | Note
-------+----------+-------------------------------------------
     0 | D:1      | tilp the Merfolk Ice Elementalist began the quest for the
                  | Orb.
     0 | D:1      | Reached XP level 1. HP: 13/13 MP: 3/3
   575 | D:1      | Reached XP level 2. HP: 16/19 MP: 1/5
   579 | D:1      | Learned a level 2 spell: Throw Frost
   649 | D:1      | Reached skill level 4 in Ice Magic
  1243 | D:2      | Noticed Sigmund
  1604 | D:2      | Reached XP level 3. HP: 24/24 MP: 3/6
  1609 | D:2      | Learned a level 3 spell: Ozocubu's Armour
  1717 | D:2      | Found a faded altar of an unknown god.
  1768 | D:2      | Reached skill level 5 in Ice Magic
  1841 | D:2      | Reached XP level 4. HP: 26/30 MP: 4/7
  1894 | D:2      | Slain by a jelly

Vault maps used:
D:1:      dpeg_chamrin_arrival_tetris, minmay_pentomino_r2
D:2:      cheibrodos_fertilizer, chequers_ecumenical_altar_simple, uniq_sigmund,
          uniq_jessica

Skill      XL: |  1  2  3 |
---------------+----------+-----
Ice Magic      | 4 5 |  5.7
Dodging        | |  2.6
Stealth        | |  2.1
Spellcasting   | |  2.0
Conjurations   | |  0.7

Action                   |  1- 3 |  4- 6 || total
-------------------------+-------+-------++-------
Melee: Whip              |    12 |       ||    12
       Spear             |    38 |     5 ||    43
Throw: Stone             |     6 |       ||     6
 Cast: Freeze            |    28 |     3 ||    31
 Stab: Sleeping          |     5 |       ||     5
  Eat: Chunk             |     3 |     1 ||     4
Armor: Robe              |     4 |       ||     4
       Leather armour    |    10 |     3 ||    13
Dodge: Dodged            |    29 |     1 ||    30

Table legend:
 A = Non-vault XP
 B = Vault XP
 C = Vault XP percentage of total XP
 D = Non-vault monster count
 E = Vault monster count
 F = Vault count percentage of total count
                 A         B        C        D         E       F
            +---------+---------+-------+---------+---------+-------
      Total |      57 |      71 |  55.5 |      20 |      10 |  33.3
            +---------+---------+-------+---------+---------+-------
        D:1 |      18 |       1 |   5.3 |      11 |       1 |   8.3
        D:2 |      39 |      70 |  64.2 |       9 |       9 |  50.0
            +---------+---------+-------+---------+---------+-------
